 Dungeon Crawl Stone Soup version 0.31-a0-369-g8eba5f6939 (webtiles) character file.

Game seed: 12664068138687064208

263 EonArisen the Changeling (level 5, -14/42 HPs)
             Began as a Demonspawn Shapeshifter on July 28, 2023.
             Was a Follower of Ashenzari.
             Killed themself with a badly aimed iceblast (18 damage)
             ... on level 5 of the Dungeon.
             The game lasted 00:17:13 (1705 turns).

EonArisen the Changeling (Demonspawn Shapeshifter)  Turns: 1705, Time: 00:17:14

Health: -14/42     AC:  3    Str: 17    XL:     5   Next: 97%
Magic:  0/5        EV: 12    Int:  9    God:    Ashenzari [*.....]
Gold:   96         SH:  0    Dex: 14    Spells: 2/4 levels left

rFire   . . .        d - +2 dagger of Ashenzari's Fetters {venom, Self, Dev} (curse)
rCold   . . .        (no shield)
rNeg    . . .        a - +0 animal skin "Share My Optimism" {Dev, Alch} (curse)
rPois   .            (helmet currently unavailable)
rElec   .            (cloak currently unavailable)
rCorr   .            (gloves currently unavailable)
SInv    .            (boots currently unavailable)
Will    .....        (no amulet)
Stlth   +            (no ring)
HPRegen 0.27/turn    (no ring)
MPRegen 0.18/turn

%: guardian spirit
@: beast-form
A: beast (slay +3), rugged brown scales 1, magic shield, magic regeneration
a: Begin Untransformation, Renounce Religion, Curse Item, Shatter the Chains


You were on level 5 of the Dungeon.
You worshipped Ashenzari.
Ashenzari was aware of your devotion.
You were a hulking beast.
You visited 1 branch of the dungeon, and saw 5 of its levels.

You collected 96 gold pieces.

Inventory:

Hand Weapons
 d - the cursed +2 dagger of Ashenzari's Fetters (weapon) {venom, Self, Dev}
   (You took it off a goblin on level 1 of the Dungeon)

   It has a curse which improves the following skills: Introspection: Fighting
   and Spellcasting.
   Devices:   Evocations and Shapeshifting.
 k - a +1 dagger of draining
Armour
 a - the cursed +0 animal skin "Share My Optimism" (worn) {Dev, Alch}

   It has a curse which improves the following skills: Devices: Evocations and
   Shapeshifting.
   Alchemy:   Poison Magic and Transmutations.
 e - a +0 ring mail
 h - a +0 helmet
 j - the +1 leather armour of Erphuoti {rElec Int+3}
   (You found it on level 2 of the Dungeon)

   Int:       It affects your intelligence (+3).
   rElec:     It insulates you from electricity.
 n - a scarf of shadows
Talismans
 c - a beast talisman
 g - a talisman of death
Wands
 l - a wand of iceblast (9)
Scrolls
 m - a scroll of fog
 o - a scroll of identify
Potions
 b - 2 potions of lignification
 f - a potion of enlightenment


   Skills:
 + Level 2.7(3.4) Fighting
 + Level 2.8 Dodging
 + Level 3.6 Unarmed Combat
 * Level 4.0(5.1) Shapeshifting


You had 2 spell levels left.
You knew the following spells:

 Your Spells              Type           Power      Damage    Failure   Level
a - Kiss of Death         Conj/Necr      0%         2d5       38%         1
b - Summon Small Mammal   Summ           0%         N/A       38%         1

Your spell library contained the following spells:

 Spells                   Type           Power      Damage    Failure   Level
 Apportation              Tloc           0%         N/A       38%         1
 Necrotise                Necr           0%         1d4       38%         1
 Confusing Touch          Hex            0%         N/A       77%         3
 Dispel Undead            Necr           0%         3d6       99%         4


Dungeon Overview and Level Annotations

Branches:
Dungeon (5/15)
 Temple: D:4-7

Altars:
Ashenzari


Innate Abilities, Weirdness & Mutations

You are a hulking beast.
Your limbs bulge with bestial killing power. (Slay +3)
You are partially covered in rugged brown scales. (AC +1, +3% HP)
When hurt, damage is shared between your health and your magic reserves.
You regenerate magic rapidly.


Message History

You feel sick.
A sleepcap is nearby!
You feel sick.
You feel sick.
You feel sick.
You are no longer poisoned.
The sleepcap completely misses you.
You hit the sleepcap.
The sleepcap is lightly damaged.
The sleepcap releases spores at you.
You hit the sleepcap.
The sleepcap is moderately damaged.
The sleepcap closely misses you.
You hit the sleepcap.
The sleepcap is heavily damaged.
The sleepcap releases spores at you!
You hit the sleepcap but do no damage. You punch the sleepcap.
The sleepcap is heavily damaged.
The sleepcap releases spores at you.
You are engulfed in a cloud of soporific spores!
You fall asleep.
The sleepcap releases spores at you!
You wake up.
* * * LOW HITPOINT WARNING * * *
You hit the sleepcap.
The sleepcap is poisoned.
The sleepcap is severely damaged.
The sleepcap releases spores at you.
* * * LOW HITPOINT WARNING * * *
A sleepcap is nearby!
Okay, then.
Aiming: Iceblast
Press: ? - help, Shift-Dir - straight line, f - sleepcap
Aim: a sleepcap (severely damaged, very poisoned)
Okay, then.
Aiming: Iceblast
Press: ? - help, Shift-Dir - straight line, f - sleepcap
Aim: a sleepcap (severely damaged, very poisoned)
The mass of ice explodes!
The iceblast engulfs the sleepcap!
You destroy the sleepcap!
The iceblast engulfs you!!
You die...

♣....# ##.# #.###.#
###.#####..######.##.#
#<.....##..##........#
#.............###.####
#...##........##.##
#........##.#.#.#
#..........#...#
#.####[.##.##.##
#.....h.##.##.#
#######.......#
###...### #...#
#f..###### #........#
#..†####.#
.......(.....#
...............


There were no monsters in sight!

Vanquished Creatures
  A phantom (D:4)
  2 scorpions
  A sleepcap (D:5)
  2 adders
  A worm (D:2)
  A dart slug (D:2)
  4 orcs (D:3)
  2 endoplasms
  4 giant cockroaches
  5 goblins
  5 hobgoblins
  A quokka (D:2)
  2 ball pythons
  A bat (D:2)
  4 frilled lizards (D:2)
  5 kobolds
  4 rats
45 creatures vanquished.

Notes
Turn   | Place    | Note
-------+----------+-------------------------------------------
     0 | D:1      | EonArisen the Demonspawn Shapeshifter began the quest for
                  | the Orb.
     0 | D:1      | Reached XP level 1. HP: 15/15 MP: 1/1
   210 | D:1      | Found a faded altar of an unknown god.
   231 | D:1      | Prayed at the altar of an unknown god.
   231 | D:1      | Became a worshipper of Ashenzari the Shackled
   284 | D:2      | Gained mutation: You are partially covered in rugged brown
                  | scales. (AC +1, +3% HP) [demonic ancestry]
   284 | D:2      | Reached XP level 2. HP: 15/21 MP: 2/2
   339 | D:2      | Reached skill level 3 in Shapeshifting
   525 | D:2      | Identified the +1 leather armour of Erphuoti {rElec Int+3}
   552 | D:2      | Learned a level 1 spell: Kiss of Death
   599 | D:2      | Reached XP level 3. HP: 25/26 MP: 3/3
   821 | D:3      | Reached * piety under Ashenzari
  1137 | D:3      | Learned a level 1 spell: Summon Small Mammal
  1177 | D:4      | Noticed a phantom
  1209 | D:4      | Killed a phantom
  1210 | D:4      | Gained mutation: You regenerate magic rapidly. [demonic
                  | ancestry]
  1210 | D:4      | Reached XP level 4. HP: 7/35 MP: 4/4
  1210 | D:4      | Gained mutation: When hurt, damage is shared between your
                  | health and your magic reserves. [demonic ancestry]
  1210 | D:4      | Reached XP level 5. HP: 8/41 MP: 5/5
  1297 | D:4      | Noticed an ogre
  1526 | D:5      | Entered Level 5 of the Dungeon
  1685 | D:5      | Reached skill level 4 in Shapeshifting
  1705 | D:5      | Killed themself with a badly aimed iceblast

Illustrated notes

Levels and vault maps discovered:
D:1:      minmay_arrival_loop, layout_basic, serial_shops, shop,
          chequers_ecumenical_altar_simple_redux, chequers_serial_rivers_micro_e
D:2:      layout_loops_ring, minmay_lizard_pond, uniq_crazy_yiuf_cottage
D:3:      layout_basic, serial_bayou_pond_a
D:4:      layout_gridville, minmay_unequal
D:5:      layout_loops_cross, good_gods_temple_1, minmay_strange_pillars,
          grunt_tough_drop

Skill      XL: |  1  2  3  4  5 |
---------------+----------------+-----
Shapeshifting  | 3 4 |  4.0
Dodging        | 2 |  2.8
Unarmed Combat | 3 |  3.6
Fighting       | 2 |  2.7

Action                     |  1- 3 |  4- 6 || total
---------------------------+-------+-------++-------
  Melee: Unarmed           |    13 |       ||    13
         Dagger            |    99 |    13 ||   112
         Punch             |     3 |     1 ||     4
  Throw: Stone             |     3 |     2 ||     5
 Invoke: Curse Item        |     2 |       ||     2
    Use: Scroll            |     5 |       ||     5
         Potion            |     1 |       ||     1
 Armour: Animal skin       |    20 |       ||    20
  Dodge: Dodged            |    73 |     6 ||    79

Table legend: (Time is in decaauts)
 A = Elapsed time spent in this place.
 B = Non-inter-level travel time spent in this place.
 C = Inter-level travel time spent in this place.
 D = Time resting spent in this place.
 E = Time spent auto-exploring this place.
 F = Levels seen in this place.
 G = Mean time per level.
                   A        B        C        D        E       F      G
               +--------+--------+--------+--------+--------+-----+--------+
         Total |   1712 |   1637 |     75 |    274 |    177 |   5 |  342.4 |
       Dungeon |   1712 |   1637 |     75 |    274 |    177 |   5 |  342.4 |
               +--------+--------+--------+--------+--------+-----+--------+

Top non-repeatable levels by time:
     D:2: 489 daAuts
     D:3: 419 daAuts
     D:4: 360 daAuts
     D:1: 264 daAuts
     D:5: 178 daAuts
